 Dungeon Crawl Stone Soup version 0.29.1-14-g9c671dbff4 (webtiles) character file.

Game seed: 15143934279783330185

4944 Smoke131 the Covert (level 10, -7/50 HPs)
             Began as a Vampire Enchanter on Feb 21, 2023.
             Was a High Priest of Dithmenos.
             Mangled by an orc knight
             ... wielding a +0 halberd
              (13 damage)
             ... in a bailey.
             The game lasted 00:44:56 (10841 turns).

Smoke131 the Covert (Vampire Enchanter)            Turns: 10841, Time: 00:44:56

Health: -7/50      AC:  5    Str: 13    XL:     10   Next: 28%
Magic:  16/18      EV: 16    Int: 18    God:    Dithmenos [*****.]
Gold:   569        SH:  0    Dex: 19    Spells: 4/20 levels left

rFire   . . .      SeeInvis +   a - +2 dagger
rCold   + + +      Faith    .   (no shield)
rNeg    + + +      Spirit   .   z - +0 robe {rC+}
rPois   ∞          Reflect  .   r - +0 helmet
rElec   .          Harm     .   (no cloak)
rCorr   .          Rampage  .   u - +0 pair of gloves
Will    +....                   i - +0 pair of boots
Stlth   ++++++++++              (no amulet)
HPRegen 0.00/turn               o - +6 ring of strength
MPRegen 0.16/turn               (no ring)

@: bloodless, inhibited regen, wreathed by umbra
A: bloodless, fangs 3, see invisible, vampiric 2
a: Bat Form, Revivify, Renounce Religion, Shadow Step, Shadow Form


You were in a bailey.
You worshipped Dithmenos.
Dithmenos was extremely pleased with you.
You visited 1 branch of the dungeon, and saw 9 of its levels.
You also visited: Sewer and Bailey.

You collected 569 gold pieces.

Inventory:

Hand Weapons
 a - a +2 dagger (weapon)
Armour
 i - a +0 pair of boots (worn)
 r - a +0 helmet (worn)
 u - a +0 pair of gloves (worn)
 z - a +0 robe of cold resistance (worn)
Jewellery
 f - a ring of ice
 o - a +6 ring of strength (left hand)
 A - a +6 ring of dexterity
 E - a ring of flight
Wands
 j - a wand of paralysis (9)
 q - a wand of mindburst (17)
 w - a wand of digging (3)
 D - a wand of flame (4)
Scrolls
 b - 3 scrolls of identify
 d - 5 scrolls of teleportation
 k - 2 scrolls of enchant weapon
 p - a scroll of torment
 v - a scroll of vulnerability
 x - a scroll of magic mapping
 y - a scroll of blinking
 B - a scroll of fear {unknown}
 F - a scroll of poison {unknown}
Potions
 c - 2 potions of might
 e - 3 potions of heal wounds
 g - 3 potions of curing
 h - a potion of lignification
 l - 3 potions of invisibility
 m - 5 potions of flight
 n - a potion of mutation
 s - 2 potions of resistance
 t - 2 potions of cancellation
 C - a potion of berserk rage {unknown}
 G - 2 potions of degeneration {unknown}
 H - a potion of brilliance {unknown}
 I - a potion of magic {unknown}


   Skills:
 - Level 0.1 Fighting
 + Level 6.5 Short Blades
 - Level 0.2 Armour
 + Level 6.8 Dodging
 - Level 10.0 Stealth
 + Level 5.7 Spellcasting
 + Level 9.7 Hexes
 + Level 2.4 Transmutations
 + Level 5.7 Ice Magic
 + Level 2.4 Earth Magic
 - Level 2.2 Invocations


You had 4 spell levels left.
You knew the following spells:

 Your Spells              Type           Power      Damage    Failure   Level
a - Ensorcelled Hibernat  Hex/Ice        64%        N/A       1%          2
b - Confusing Touch       Hex            40%        N/A       1%          3
c - Tukima's Dance        Hex            40%        N/A       1%          3
d - Dazzling Flash        Conj/Hex       44%        N/A       4%          3
e - Swiftness             Air            5%         N/A       36%         3
z - Passwall              Tmut/Erth      10%        N/A       7%          2

Your spell library contained the following spells:

 Spells                   Type           Power      Damage    Failure   Level
 Summon Guardian Golem    Hex/Summ       22%        N/A       4%          3
 Sting                    Tmut/Pois      36%        1d4       8%          1
 Magic Dart               Conj           20%        1d4       12%         1
 Summon Small Mammal      Summ           20%        N/A       12%         1
 Call Imp                 Summ           5%         N/A       19%         2
 Static Discharge         Conj/Air       5%         3-4/arc   19%         2
 Ignite Poison            Fire/Tmut/Pois 8%         N/A       26%         3
 Call Canine Familiar     Summ           5%         N/A       36%         3
 Gell's Gravitas          Tloc           5%         N/A       36%         3
 Lesser Beckoning         Tloc           5%         N/A       36%         3
 Mephitic Cloud           Conj/Pois/Air  5%         N/A       36%         3
 Teleport Other           Tloc           5%         N/A       36%         3
 Passage of Golubria      Tloc           5%         N/A       77%         4
 Yara's Violent Unravell  Hex/Tmut       13%        3d7       28%         5
 Silence                  Hex/Air        11%        N/A       43%         5
 Freezing Cloud           Conj/Ice/Air   6%         6-21      83%         5
 Lightning Bolt           Conj/Air       2%         1d14      98%         5
 Death Channel            Necr           2%         N/A       100%        6
 Lehudib's Crystal Spear  Conj/Erth      4%         10d3      100%        8
 Maxwell's Capacitive Co  Air            2%         ∞         100%        8
 Borgnjor's Revivificati  Necr           Unusable   N/A       N/A         8

Dungeon Overview and Level Annotations

Branches:
Dungeon (9/15)             Temple (0/1) D:7            Lair (0/5) D:8
  Sewer (visited)          Bailey (1/1)
    Orc: D:9-12

Altars:
Cheibriados
Dithmenos
Gozag
Hepliaklqana
Makhleb
Nemelex Xobeh
Okawaru
Qazlal
Trog
Xom

Shops:
D:3 (   D:5 *


Innate Abilities, Weirdness & Mutations

You do not regenerate when monsters are visible.
You are frail without blood (-20% HP).
You can heal yourself when you bite living creatures.
You are immune to poison.
You have razor-sharp teeth.
You have supernaturally acute eyesight. (SInv)
You are afflicted with vampirism and can become a bat while bloodless.


Message History

There is an open door here.
The gnoll closely misses you.
You see here a potion of invisibility.
The gnoll completely misses you. The orc knight closely misses you.
The gnoll closely misses you.
You see here a potion of invisibility.
There is an open door here.
You see here a +0 halberd of draining.
Casting: Ensorcelled Hibernation (safe; 1% risk of failure)
Confirm with . or Enter, or press ? or * to list all spells.
Aiming: Ensorcelled Hibernation (safe; 1% risk of failure)
Press: ? - help, Shift-Dir - straight line, f - orc knight
Aim: an orc knight, wielding a +0 halberd (umbra, chance to affect: 44%)
The orc knight resists with some effort.
The gnoll shouts!
The orc knight barely misses you.
Casting: Ensorcelled Hibernation (safe; 1% risk of failure)
Confirm with . or Enter, or press ? or * to list all spells.
Aiming: Ensorcelled Hibernation (safe; 1% risk of failure)
Press: ? - help, Shift-Dir - straight line, f/p - orc knight
Aim: an orc knight, wielding a +0 halberd (umbra, chance to affect: 44%)
The orc knight looks drowsy...
The gnoll misses you. The gnoll barely misses you.
The orc knight shouts!
There is an open door here.
The orc knight attacks as you move away!
The orc knight hits you with a +0 halberd!
The orc knight hits you from afar with a +0 halberd!
You see here a +0 halberd of draining.
There is an open door here.
Things that are here:
a +1 halberd of draining; a gnoll corpse
There is an open door here.
There is an open door here.
The orc knight hits you with a +0 halberd!!
* * * LOW HITPOINT WARNING * * *
The gnoll misses you.
The orc knight attacks as you move away!
The orc knight hits you with a +0 halberd!
You die...

#)'..∩..')#)'..⌠..')#
###.....#####.....###
##.....# ##.....##
##'##'##'# #'##'##'##
#.###)# #.#)###)###.#
### ### ### ### #'#
#g#)###.###)#
+##+##+# #'##'##'##
#!.!.!# ##...@.##
#.!.!.# ###..o..###
+!.⌠.!+ #)'.g⌠..'.#
#.!.!.# ###.....###
#!.!g!## ##.....##
+##+##'###'##'##'##
##)')###.###.# #####
### ###


You could see an orc knight and a gnoll.

Vanquished Creatures
  A hornet (D:9)
  Grinder (D:3)
  Sigmund (D:3)
  A shadow (D:9)
  6 yaks (D:8)
  Eustachio (D:4)
  3 orc warriors
  3 ice beasts
  An ogre (D:6)
  A centaur (D:5)
  A phantom (D:4)
  A bullfrog (D:7)
  Blork the orc (D:5)
  2 kobold brigands
  4 scorpions
  A gnoll sergeant (D:7)
  2 necrophages
  3 wights (D:9)
  4 killer bees (D:8)
  2 electric eels (D:6)
  5 hounds
  5 jellies
  An orc priest (D:5)
  2 gnoll boudas (D:6)
  9 orc wizards
  Natasha (thrice) (D:3)
  3 iguanas
  A merfolk siren (Sewer)
  Robin (D:4)
  9 adders
  21 gnolls
  3 river rats (Sewer)
  4 ufetubi
  3 worms (D:4)
  3 dart slugs
  42 orcs
  11 ball pythons
  7 endoplasms
  A giant cockroach (D:2)
  9 hobgoblins
  5 jackals
  7 quokkas
  5 bats
  11 frilled lizards
  16 goblins
  19 kobolds
  29 rats
275 creatures vanquished.

Vanquished Creatures (others)
  5 dream sheep (D:5)
  7 plants
12 creatures vanquished.

Grand Total: 287 creatures vanquished

Notes
Turn   | Place    | Note
-------+----------+-------------------------------------------
     0 | D:1      | Smoke131 the Vampire Enchanter began the quest for the Orb.
     0 | D:1      | Reached XP level 1. HP: 13/13 MP: 3/3
   398 | D:1      | Reached XP level 2. HP: 14/15 MP: 5/5
   401 | D:1      | Learned a level 2 spell: Ensorcelled Hibernation
  1160 | D:2      | Gained mutation: You are afflicted with vampirism and can
                  | become a bat while bloodless. [Vampire growth]
  1160 | D:2      | Reached XP level 3. HP: 19/19 MP: 6/6
  1171 | D:2      | Learned a level 3 spell: Confusing Touch
  1221 | D:2      | Noticed a golden eye
  1222 | D:2      | Found a faded altar of an unknown god.
  1228 | D:2      | Noticed a golden eye
  1234 | D:2      | Noticed a shining eye
  1273 | D:2      | Noticed a golden eye
  1375 | D:2      | Reached skill level 5 in Hexes
  1864 | D:2      | Reached skill level 1 in Ice Magic
  1918 | D:2      | Found a shadowy altar of Dithmenos.
  1926 | D:2      | Became a worshipper of Dithmenos the Shadowed
  2208 | D:3      | Reached XP level 4. HP: 24/24 MP: 7/7
  2248 | D:3      | Noticed Sigmund
  2367 | D:3      | Reached skill level 5 in Stealth
  2539 | D:3      | Learned a level 3 spell: Tukima's Dance
  2679 | D:3      | Noticed Natasha
  2680 | D:3      | Found Buceen's Antique Weapon Emporium.
  2686 | D:3      | Killed Natasha
  2687 | D:3      | Reached XP level 5. HP: 28/28 MP: 8/8
  2743 | D:3      | Noticed Natasha
  2749 | D:3      | Killed Natasha
  2787 | D:3      | Killed Sigmund
  2788 | D:3      | Reached skill level 6 in Stealth
  2788 | D:3      | Reached XP level 6. HP: 32/32 MP: 7/10
  2821 | D:3      | Noticed Natasha
  2825 | D:3      | Killed Natasha
  2887 | D:3      | Found a sparkling altar of Nemelex Xobeh.
  3244 | D:3      | Noticed Grinder
  3252 | D:3      | Paralysed by Grinder for 2 turns
  3265 | D:3      | Killed Grinder
  3266 | D:3      | Reached XP level 7. HP: 19/36 MP: 8/12
  3589 | D:4      | Reached * piety under Dithmenos
  3659 | D:4      | Noticed Robin
  3862 | D:4      | Found a glowing drain.
  3871 | Sewer    | Entered a sewer
  3985 | Sewer    | Reached ** piety under Dithmenos
  4100 | Sewer    | Learned a level 3 spell: Dazzling Flash
  4210 | D:4      | Noticed Eustachio
  4228 | D:4      | Killed Eustachio
  4388 | D:4      | Reached skill level 7 in Stealth
  4412 | D:4      | Killed Robin
  4635 | D:4      | Reached *** piety under Dithmenos
  5007 | D:5      | Entered Level 5 of the Dungeon
  5007 | D:5      | Found Zin's Purification Station.
  5054 | D:5      | Noticed Blork the orc
  5132 | D:5      | Found a stormy altar of Qazlal.
  5134 | D:5      | Found a bloodstained altar of Trog.
  5134 | D:5      | Found a snail-covered altar of Cheibriados.
  5134 | D:5      | Found an iron altar of Okawaru.
  5138 | D:5      | Reached skill level 1 in Invocations
  5175 | D:5      | Reached XP level 8. HP: 35/41 MP: 9/13
  5281 | D:5      | Killed Blork the orc
  5502 | D:5      | Found a hazy altar of Hepliaklqana.
  5503 | D:5      | Found a shadowy altar of Dithmenos.
  5693 | D:5      | Noticed a dream sheep
  5693 | D:5      | Noticed a dream sheep
  5693 | D:5      | Noticed a dream sheep
  5693 | D:5      | Noticed a dream sheep
  5693 | D:5      | Noticed a dream sheep
  5693 | D:5      | Found a shimmering altar of Xom.
  5697 | D:5      | Killed a dream sheep
  5697 | D:5      | Killed a dream sheep
  5697 | D:5      | Killed a dream sheep
  5697 | D:5      | Killed a dream sheep
  5697 | D:5      | Killed a dream sheep
  5749 | D:5      | Reached skill level 5 in Dodging
  6387 | D:4      | Reached skill level 8 in Stealth
  7217 | D:6      | Reached skill level 5 in Short Blades
  7244 | D:6      | Got the Atlas of Shapes and Wicked Rituals
  7295 | D:6      | Reached XP level 9. HP: 39/39 MP: 15/15
  7322 | D:6      | Reached **** piety under Dithmenos
  7573 | D:6      | Learned a level 2 spell: Passwall
  7618 | D:6      | Found an opulent altar of Gozag.
  8258 | D:7      | Reached skill level 1 in Transmutations
  8428 | D:7      | Reached skill level 9 in Stealth
  8558 | D:7      | Found a staircase to the Ecumenical Temple.
  8730 | D:7      | Reached skill level 5 in Spellcasting
  8744 | D:7      | Learned a level 3 spell: Swiftness
  9176 | D:8      | Reached skill level 5 in Ice Magic
  9309 | D:8      | Found a staircase to the Lair.
  9319 | D:8      | Found a burning altar of Makhleb.
  9342 | D:8      | Reached skill level 1 in Earth Magic
  9774 | D:8      | Reached XP level 10. HP: 50/50 MP: 15/18
 10322 | D:9      | Reached skill level 10 in Stealth
 10340 | D:9      | Found a flagged portal.
 10559 | Bailey   | Entered a bailey
 10672 | Bailey   | Reached ***** piety under Dithmenos
 10820 | Bailey   | Noticed an orc knight
 10841 | Bailey   | Mangled by an orc knight

Illustrated notes

Levels and vault maps discovered:
D:1:      saegor_arrival_simple_c, layout_basic, hangedman_decor_clover_reticule
D:2:      layout_rooms, hellmonk_ecumenical_altar_watching_god, basic_altar
D:3:      minmay_general_purpose_star, layout_loops_ring,
          mainiacjoe_overflow_alcove_1, serial_shops,
          nicolae_shop_overgrown_old_shop, uniq_natasha, uniq_sigmund,
          uniq_grinder
D:4:      layout_basic, serial_forest, infiniplex_forest_clump_double,
          infiniplex_forest_straight_4, infiniplex_forest_straight_3,
          infiniplex_forest_lined_corner, infiniplex_forest_lined_2,
          cheibrodos_sewer_entry_drain, dk_vineyard_2, uniq_robin, uniq_edmund,
          uniq_eustachio
D:5:      layout_rooms, riverfiend_overflow_shadow_ancestor, zin_purify,
          grunt_temple_overflow_open, kb_xom_exploding_sheep, moated_statue,
          uniq_blork_the_orc
D:6:      layout_basic, tso_altar, nicolae_gozag_seed_capital,
          kennysheep_opposing_triangles
D:7:      layout_rooms, minmay_temple_entry_overgrown, roderic_filled_cross,
          corexii_corridor_pit, kennysheep_decorative_pillar
D:8:      layout_basic, bloody_makhleb, lair_entry_dummy
D:9:      layout_roguey, general_overflow_altar, hiddenorc2_lemuel,
          enter_bailey_6
Bailey:   bailey_polearm_nasty_gnolls, bailey

Skill      XL: |  1  2  3  4  5  6  7  8  9 10 |
---------------+-------------------------------+-----
Hexes          | 5 6 7 8 9 |  9.7
Ice Magic      | 1 2 3 4 5 |  5.7
Stealth        | 5 6 7 8 9 10 | 10.0
Short Blades   | 2 3 4 5 6 |  6.5
Dodging        | 3 4 5 6 |  6.8
Spellcasting   | 3 4 5 |  5.7
Invocations    | 1 2 |  2.2
Transmutations | 2 |  2.4
Earth Magic    | 1 2 |  2.4
Fighting       | |  0.1
Armour         | |  0.2

Action                   |  1- 3 |  4- 6 |  7- 9 | 10-12 || total
-------------------------+-------+-------+-------+-------++-------
Melee: Dagger            |   133 |    48 |   435 |    56 ||   672
       Bite              |    14 |     3 |    38 |     3 ||    58
       Punch             |     1 |       |     4 |       ||     5
 Cast: Ensorcelled Hiber |     5 |    15 |    97 |    15 ||   132
       Confusing Touch   |       |     1 |     8 |     2 ||    11
 Abil: Exsanguinate      |     1 |       |     1 |       ||     2
       Revivify          |       |       |     1 |       ||     1
Evoke: Wand              |       |       |     4 |       ||     4
  Use: Potion            |     3 |       |     1 |       ||     4
       Scroll            |       |       |    16 |       ||    16
 Stab: Sleeping          |    13 |    20 |   101 |    23 ||   157
       Invisible         |     3 |       |       |       ||     3
       Confused          |       |     1 |     8 |     2 ||    11
       Distracted        |       |       |       |     1 ||     1
Armor: Robe              |    26 |     7 |    51 |     4 ||    88
Dodge: Dodged            |    90 |    22 |   320 |    43 ||   475
